 Dungeon Crawl Stone Soup version 0.30-a0-364-gf6b3ef1049 (webtiles) character file.

Game seed: 13425998174942408844

24679 retardedninja the Cleaver (level 13, -1/122 HPs)
             Began as a Hill Orc Fighter on Nov 14, 2022.
             Was an Initiate of Gozag.
             Slain by an alligator (14 damage)
             ... on level 3 of the Lair of Beasts.
             The game lasted 00:27:31 (20647 turns).

retardedninja the Cleaver (Hill Orc Fighter)       Turns: 20647, Time: 00:27:32

Health: -1/122     AC: 21    Str: 29    XL:     13   Next: 14%
Magic:  13/13      EV: 12    Int:  7    God:    Gozag
Gold:   2017       SH:  0    Dex: 14    Spells: 12/12 levels left

rFire   . . .      SeeInvis .    j - +4 battleaxe (drain)
rCold   . . .      Faith    .    (shield currently unavailable)
rNeg    . . .      Spirit   .    w - +0 plate armour
rPois   .          Reflect  .    t - +0 helmet
rElec   .          Harm     .    b - +1 cloak
rCorr   .          Rampage  .    z - +0 pair of gloves
Will    .....                    (no boots)
Stlth   ..........               (no amulet)
HPRegen 0.40/turn                a - +6 ring of strength
MPRegen 0.13/turn                y - +4 ring of evasion

@: gold aura
A: agile 1
a: Renounce Religion, Potion Petition, Call Merchant, Bribe Branch


You were on level 3 of the Lair of Beasts.
You worshipped Gozag.
Gozag was most pleased with you.
You visited 3 branches of the dungeon, and saw 15 of its levels.

You collected 2223 gold pieces.
You paid 206 gold pieces to Gozag.

Inventory:

Hand Weapons
 j - a +4 battleaxe of draining (weapon)
Missiles
 q - 8 boomerangs of dispersal (quivered)
Armour
 b - a +1 cloak (worn)
 t - a +0 helmet (worn)
 w - a +0 plate armour (worn)
 z - a +0 pair of gloves (worn)
Jewellery
 a - a +6 ring of strength (left hand)
 n - a ring of fire
 y - a +4 ring of evasion (right hand)
 G - a ring of protection from fire
Wands
 o - a wand of acid (23)
 x - a wand of iceblast (24)
 E - a wand of flame (12)
 F - a wand of digging (6)
Scrolls
 c - 2 scrolls of blinking
 i - 2 scrolls of immolation
 l - 2 scrolls of amnesia
 s - a scroll of silence
 B - 3 scrolls of teleportation
 D - a scroll of magic mapping
Potions
 d - 2 potions of brilliance
 e - 2 potions of lignification
 f - a potion of cancellation
 g - 5 potions of flight
 k - a potion of magic
 m - 3 potions of curing
 A - a potion of mutation
 C - 4 potions of resistance
Miscellaneous
 p - a condenser vane


   Skills:
 + Level 13.5 Fighting
 + Level 14.3 Axes
 + Level 12.4 Armour
 + Level 12.5 Shields


You had 12 spell levels left.
You didn't know any spells.
Your spell library contained the following spells:

 Spells                   Type           Power      Damage    Failure   Level
 Cigotuvi's Dreadful Rot  Necr/Pois/Air  0%         N/A       99%         2
 Poisonous Vapours        Pois/Air       0%         N/A       99%         2
 Sublimation of Blood     Necr           0%         N/A       99%         2
 Wereblood                Tmut           0%         N/A       99%         2
 Mephitic Cloud           Conj/Pois/Air  0%         N/A       100%        3
 Portal Projectile        Hex/Tloc       0%         N/A       100%        3
 Tukima's Dance           Hex            0%         N/A       100%        3
 Animate Armour           Summ/Erth      0%         N/A       100%        4
 Blade Hands              Tmut           0%         N/A       100%        5
 Iron Shot                Conj/Erth      0%         9d1       100%        6
 Summon Hydra             Summ           0%         N/A       100%        7


Dungeon Overview and Level Annotations

Branches:
Dungeon (11/15)            Temple (1/1) D:7            Lair (3/5) D:10
  Snake (0/4) Lair:2
  Swamp: Lair:2-3    Shoals: Lair:2-3       Orc: D:9-12

Altars:
Ashenzari
Cheibriados
Dithmenos
Elyvilon
Fedhas
Gozag
Hepliaklqana
Kikubaaqudgha
Makhleb
Nemelex Xobeh
Okawaru
Qazlal
Ru
Sif Muna
Trog
Uskayaw
Vehumet
Wu Jian
Xom
Yredelemnul
Zin
The Shining One

Shops:
D:4 *   D:5 :   D:9 :

Annotations:
D:8 2 transporters


Innate Abilities, Weirdness & Mutations

You are agile. (Dex +4, Str/Int -1)


Message History

The alligator closely misses you.
The death yak is distracted by your dazzling golden aura.
The alligator bites you but does no damage.
The alligator misses you.
The death yak bellows!
You slash the death yak!
The death yak is no longer distracted by gold.
The death yak is severely wounded.
You barely miss the alligator. You barely miss the wyvern.
The wyvern bites you but does no damage.
The death yak misses you. The wyvern bites you!
* * * LOW HITPOINT WARNING * * *
The alligator bites you but does no damage.
The alligator tail-slaps you but does no damage.
You slash the death yak!
The death yak is almost dead.
You hit the wyvern. You drain the wyvern. You slash the alligator!
You drain the alligator! The wyvern bites you.
* * * LOW HITPOINT WARNING * * *
The death yak is distracted by your dazzling golden aura.
The alligator bites you but does no damage.
The alligator completely misses you.
You slice the death yak!!
You kill the death yak!
You barely miss the alligator. You slash the wyvern! You drain the wyvern.
You kill the wyvern!
The alligator bites you.
* * * LOW HITPOINT WARNING * * *
The alligator tail-slaps you!
* * * LOW HITPOINT WARNING * * *
Blink to where?
Press: ? - help, Dir - move target
As you read the scroll of blinking, it crumbles to dust.
The basilisk hisses menacingly.
The alligator is distracted by your dazzling golden aura.
The basilisk is distracted by your dazzling golden aura.
The alligator is no longer distracted by gold.
The alligator attacks as you move away! The alligator bites you!
You die...
Your body crumbles into a pile of gold.

##...~≈~~...## #.##..##..#
#...~≈≈≈≈≈...# ..#....##..
#≈.~~≈≈≈≈~~..#.#..#....#~.
#≈.$~≈≈≈≈≈≈.≈##........#~~
#≈.$≈≈≈≈≈~...# ...##....#~
##.$l~≈≈~...######..#.....
###'#≈≈≈..≈.# #...#....
..#≈≈~t.≈## ...#....
..##≈~.@### ....##..
~Yl#≈≈~..# #.##.###
#≈kF#≈≈≈..# #.###.#.
##t$#≈~..## #######.##....
#Hl#≈≈..####........#.#.#
#≈≈≈..##.............#
#≈≈~..#......###P...##
##≈≈.....≈≈~..###P#.##
#≈≈~...≈≈≈≈..# ###..#


You could see an alligator (swift, drained) and a basilisk (unaware).

Vanquished Creatures
  A catoblepas (D:10)
  A two-headed ogre (D:5)
  2 death yaks (Lair:3)
  A fire crab (Lair:3)
  3 ugly things (D:11)
  A cyclops (D:11)
  A manticore (Lair:3)
  2 elephants
  A gargoyle (D:11)
  2 torpor snails
  9 cane toads
  A rime drake (Lair:3)
  A kobold demonologist (D:10)
  4 komodo dragons
  2 polar bears
  2 trolls
  A hornet (Lair:3)
  2 shadows
  27 yaks
  4 wyverns
  4 basilisks
  2 steam dragons
  Duvessa (D:4)
  10 water moccasins
  2 orc warriors
  3 ice beasts
  2 sky beasts (D:6)
  3 black bears
  3 ogres
  3 centaurs
  5 kobold brigands
  9 bullfrogs
  2 necrophages
  4 scorpions
  11 wights
  Dowan (D:4)
  10 killer bees
  4 howler monkeys
  2 electric eels (Lair:1)
  2 jellies
  3 orc priests
  A gnoll bouda (D:5)
  6 hounds
  4 iguanas
  6 orc wizards
  6 hell rats
  9 adders
  5 gnolls (D:5)
  2 white imps
  2 ufetubi (D:6)
  3 dart slugs
  33 orcs
  8 bats
  8 endoplasms
  2 giant cockroaches
  17 goblins
  7 hobgoblins
  2 jackals (D:1)
  3 quokkas (D:1)
  5 ball pythons
  4 frilled lizards
  34 kobolds
  3 rats
324 creatures vanquished.

Vanquished Creatures (collateral kills)
  2 two-headed ogres (D:10)
  A wyvern (D:10)
  A water moccasin (D:10)
  A scorpion (D:10)
5 creatures vanquished.

Vanquished Creatures (others)
  An orc wizard (D:8)
  61 fungi
  50 plants
112 creatures vanquished.

Grand Total: 441 creatures vanquished

Notes
Turn   | Place    | Note
-------+----------+-------------------------------------------
     0 | D:1      | retardedninja the Hill Orc Fighter began the quest for the
                  | Orb.
     0 | D:1      | Reached XP level 1. HP: 19/19 MP: 1/1
   110 | D:1      | Reached XP level 2. HP: 27/27 MP: 2/2
   112 | D:1      | Reached skill level 3 in Axes
   483 | D:1      | Reached XP level 3. HP: 33/33 MP: 3/3
   938 | D:2      | Reached XP level 4. HP: 40/40 MP: 4/4
  1871 | D:3      | Reached skill level 4 in Axes
  1871 | D:3      | Reached XP level 5. HP: 40/47 MP: 5/5
  2456 | D:3      | Found a glowing golden altar of the Shining One.
  3060 | D:4      | Noticed an ogre
  3074 | D:3      | HP: 1/47 [ogre/+0 giant club (15)]
  3076 | D:3      | Killed an ogre
  3077 | D:3      | Reached skill level 5 in Fighting
  3077 | D:3      | Reached XP level 6. HP: 32/56 MP: 6/6
  3290 | D:4      | Found Archuisumn's Overcharged Wands.
  3702 | D:4      | Noticed Duvessa
  3702 | D:4      | Noticed Dowan
  3721 | D:4      | Killed Duvessa
  3722 | D:4      | Reached skill level 5 in Axes
  3723 | D:4      | Reached skill level 5 in Armour
  3723 | D:4      | Reached skill level 5 in Shields
  3728 | D:4      | Killed Dowan
  3729 | D:4      | Reached XP level 7. HP: 48/62 MP: 7/7
  3781 | D:4      | Found a shimmering altar of Xom.
  3905 | D:5      | Entered Level 5 of the Dungeon
  4057 | D:5      | Noticed a two-headed ogre
  4148 | D:5      | Found Pokuat's Tremendous Tomes.
  4317 | D:5      | Reached skill level 6 in Axes
  5052 | D:5      | Reached XP level 8. HP: 47/71 MP: 8/8
  5418 | D:5      | Found a broken altar of Ashenzari.
  5606 | D:5      | Killed a two-headed ogre
  5607 | D:5      | Reached skill level 7 in Axes
  6125 | D:6      | Reached XP level 9. HP: 38/79 MP: 9/9
  6151 | D:6      | Reached skill level 8 in Axes
  6902 | D:6      | Found a large runed translucent door.
  6902 | D:6      | Found a large runed translucent door.
  7340 | D:6      | Found a shimmering blue altar of Sif Muna.
  7363 | D:6      | Found a shadowy altar of Dithmenos.
  8062 | D:7      | Reached skill level 9 in Axes
  8139 | D:7      | Found a staircase to the Ecumenical Temple.
  8157 | Temple   | Entered the Ecumenical Temple
  9276 | D:8      | Reached XP level 10. HP: 91/91 MP: 10/10
  9689 | D:8      | Found a stormy altar of Qazlal.
  9689 | D:8      | Noticed a jorogumo
  9689 | D:8      | Noticed a manticore
  9689 | D:8      | Noticed a gargoyle
  9691 | D:8      | Noticed a manticore
  9693 | D:8      | Found a transporter.
  9699 | D:8      | Found a transporter.
 10251 | D:8      | Noticed a quicksilver ooze
 10297 | D:8      | Found a hide-covered altar of Uskayaw.
 10361 | D:8      | Found an opulent altar of Gozag.
 10539 | D:8      | Became a worshipper of Gozag Ym Sagoz the Greedy
 10596 | D:9      | Found Baipuikk's Book Shoppe.
 11241 | D:9      | Reached skill level 10 in Axes
 11271 | D:9      | Found a sacrificial altar of Ru.
 11611 | D:10     | Entered Level 10 of the Dungeon
 11626 | D:10     | Reached skill level 10 in Fighting
 11984 | D:10     | Noticed a two-headed ogre
 12009 | D:10     | Killed a two-headed ogre
 12019 | D:10     | Reached XP level 11. HP: 95/101 MP: 11/11
 12021 | D:10     | Reached skill level 11 in Axes
 12075 | D:10     | Found a staircase to the Lair.
 12268 | D:10     | Noticed a two-headed ogre
 12284 | D:10     | Killed a two-headed ogre
 12285 | D:10     | Reached skill level 10 in Shields
 12376 | D:10     | Reached skill level 10 in Armour
 12668 | D:10     | Found a hazy altar of Hepliaklqana.
 12951 | D:11     | Noticed a white ugly thing
 12959 | D:11     | Killed a white ugly thing
 13286 | D:11     | Noticed a purple ugly thing
 13296 | D:11     | Killed a purple ugly thing
 13559 | D:11     | Noticed a cyclops
 13564 | D:11     | Killed a cyclops
 13684 | D:11     | Reached skill level 12 in Axes
 14036 | D:11     | Noticed a cyan ugly thing
 14054 | D:11     | Killed a cyan ugly thing
 14684 | Lair:1   | Entered Level 1 of the Lair of Beasts
 15054 | Lair:1   | Noticed a catoblepas
 15432 | D:10     | Killed a catoblepas
 15433 | D:10     | Reached XP level 12. HP: 31/112 MP: 12/12
 16771 | Lair:1   | Reached skill level 13 in Axes
 18529 | Lair:2   | Found a staircase to the Snake Pit.
 19740 | Lair:3   | Noticed a death yak
 19910 | Lair:3   | Killed a death yak
 19911 | Lair:3   | Reached skill level 14 in Axes
 20177 | Lair:3   | Reached XP level 13. HP: 92/122 MP: 13/13
 20627 | Lair:3   | Gained mutation: Your muscles are strong. (Str +4, Int/Dex
                  | -1) [potion of mutation]
 20627 | Lair:3   | Lost mutation: Your muscles are strong. (Str +4, Int/Dex
                  | -1) [potion of mutation]
 20627 | Lair:3   | Gained mutation: You are agile. (Dex +4, Str/Int -1)
                  | [potion of mutation]
 20647 | Lair:3   | Slain by an alligator

Illustrated notes

Levels and vault maps discovered:
D:1:      dpeg_arrival_renting, layout_loops_ring, serial_glass,
          glass_columns_b, glass_columns_a, minmay_tetromino_l2
D:2:      kennysheep_the_goblin_king, layout_loops_corners,
          serial_park_tiny_pond
D:3:      layout_basic, amcnicky_altar_gilded
D:4:      layout_gridville, mainiacjoe_overflow_cross_hatched,
          kennysheep_nondescript, minmay_misc_feat_tiny,
          nicolae_shop_overcharged_wands, uniq_duvessa
D:5:      layout_loops_ring, lemuel_round_altar, nicolae_shop_i_like_big_books,
          chequers_decorated_corner, kennysheep_generic_room_2
D:6:      layout_loops_cross, jmf_multi_god_temple2, roderic_filled_cross
D:7:      layout_basic, temple_green, minmay_unpleasant_kobolds
D:8:      layout_rooms, gammafunk_temple_overflow_arena,
          nicolae_overflow_hidden_temple, mainiacjoe_overflow_surrounded_room
D:9:      layout_loops_ring, mainiacjoe_overflow_paths, serial_shops, shop,
          due_unseen_surprise
D:10:     layout_roguey, nzn_hepliaklqana_mist_gate,
          due_lair_maze_entry_diamond, corexii_mini_fake_secret_closet
D:11:     layout_rooms
Temple:   minmay_temple_forest_path
Lair:1:   layout_loops_ring, hangedman_lair_generics_rect, serial_bayou_shore_a,
          grunt_megastairs_4, infiniplex_staircase_pool
Lair:2:   layout_regular_city, dummy_snake_entry
Lair:3:   hellmonk_ruined_rings, layout_loops_ring, shoals_dummy_entry,
          nicolae_lair_lakeside_cave, infiniplex_staircase_pool_2

Skill      XL: |  1  2  3  4  5  6  7  8  9 10 11 12 |
---------------+-------------------------------------+-----
Axes           | 3 4 5 6 7 9 10 12 14 | 14.3
Fighting       | 4 5 6 7 9 10 11 13 | 13.5
Shields        | 4 5 6 8 9 11 12 | 12.5
Armour         | 4 5 6 8 9 10 12 | 12.4

Action                   |  1- 3 |  4- 6 |  7- 9 | 10-12 | 13-15 || total
-------------------------+-------+-------+-------+-------+-------++-------
Melee: War axe           |    66 |    63 |       |       |       ||   129
       Battleaxe         |       |   103 |   258 |   512 |    14 ||   887
Throw: Boomerang         |       |       |     9 |       |       ||     9
  Use: Scroll            |       |    11 |    12 |    12 |     2 ||    37
       Potion            |       |     3 |     9 |    11 |     1 ||    24
 Stab: Distracted        |       |       |       |     4 |       ||     4
       Invisible         |       |       |       |     6 |       ||     6
Armor: Scale mail        |    23 |       |       |       |       ||    23
       Chain mail        |     4 |   114 |   205 |    73 |       ||   396
       Plate armour      |       |       |       |   301 |    23 ||   324
Dodge: Dodged            |    28 |    69 |   151 |   380 |    21 ||   649
Block: Buckler           |    22 |    16 |       |       |       ||    38

Table legend: (Time is in decaauts)
 A = Elapsed time spent in this place.
 B = Non-inter-level travel time spent in this place.
 C = Inter-level travel time spent in this place.
 D = Time resting spent in this place.
 E = Time spent auto-exploring this place.
 F = Levels seen in this place.
 G = Mean time per level.
                   A        B        C        D        E       F      G
               +--------+--------+--------+--------+--------+-----+--------+
         Total |  20961 |  20049 |    912 |   6921 |  10292 |  15 | 1397.4 |
       Dungeon |  15577 |  14760 |    817 |   5038 |   7573 |  11 | 1416.1 |
        Temple |    429 |    396 |     33 |      0 |    381 |   1 |  429.0 |
          Lair |   4953 |   4891 |     62 |   1883 |   2337 |   3 | 1651.0 |
               +--------+--------+--------+--------+--------+-----+--------+

Top non-repeatable levels by time:
  Lair:1: 2471 daAuts
    D:10: 2451 daAuts
     D:5: 1973 daAuts
    D:11: 1725 daAuts
     D:3: 1496 daAuts
     D:6: 1464 daAuts
     D:8: 1384 daAuts
     D:7: 1308 daAuts
  Lair:2: 1269 daAuts
  Lair:3: 1212 daAuts
     D:2: 1106 daAuts
     D:4: 979 daAuts
     D:1: 848 daAuts
     D:9: 837 daAuts
  Temple: 429 daAuts
